 Dungeon Crawl Stone Soup version 0.30.1-9-gdf580d7c3d (webtiles) character file.

Game seed: 4944454542371892099

93235 booth the Cleaver (level 15, -7/109 HPs)
             Began as a Demonspawn Monk on Oct 9, 2023.
             Was a Priest of Ashenzari.
             Killed by angry trees
             ... awakened by a spriggan druid
              (13 damage)
             ... on level 1 of the Swamp on Oct 11, 2023.
             The game lasted 03:25:52 (23442 turns).

booth the Cleaver (Demonspawn Monk)                Turns: 23442, Time: 03:25:53

Health: -7/109     AC: 38    Str: 20    XL:     15   Next: 60%
Magic:  15/15      EV: 13    Int: 13    God:    Ashenzari [***...]
Gold:   2970       SH: 15    Dex: 22    Spells: 14/14 levels left

rFire   + . .        r - +3 war axe (drain)
rCold   + . .        R - +2 kite shield of the Mantic Oblivion {reflect, Range, Evo} (curse)
rNeg    . . .        U - +3 plate armour {rPois}
rPois   +            z - +2 helmet of Ashenzari's Dismay {Cun, Evo} (curse)
rElec   .            K - scarf {rC+ rF+}
rCorr   .            A - +5 pair of gloves "Shackled Servitude" {Regen+ Str+3 SInv Stlth-, Fort, Elem} (curse)
SInv    +            y - +2 pair of boots "Lashed With Me" {Range, Melee} (curse)
Will    +....        t - amulet "Profound Henotheism" {Regen+, Self, Cun} (curse) Stlth
                     J - +6 ring of dexterity
HPRegen 1.98/turn    O - +4 ring of protection
MPRegen 0.14/turn

%: reflection, clarity
@: studying 6 skills
A: hooves 2, slimy green scales 2, foul stench 2, spiny 2, black mark,
bedeviling, frail 1, inability to drink after injury 1
a: Renounce Religion, Shatter the Chains


You were on level 1 of the Swamp.
You worshipped Ashenzari.
Ashenzari was most pleased with you.
You visited 4 branches of the dungeon, and saw 24 of its levels.
You also visited: Ice Cave.

You collected 4407 gold pieces.
You spent 1437 gold pieces at shops.

Inventory:

Hand Weapons
 l - a +1 battleaxe of flaming
 n - a +1 mace of protection
 r - a +3 war axe of draining (weapon)
 Q - a +3 heavy broad axe
Missiles
 p - 20 poisoned darts
 q - 4 atropa-tipped darts
 F - 2 boomerangs (quivered)
 I - 3 curare-tipped darts
 S - 3 boomerangs of dispersal
 W - 6 silver javelins
Armour
 d - an orb of light
 y - the cursed +2 pair of boots "Lashed With Me" (worn) {Range, Melee}
   (You found it on level 4 of the Lair of Beasts)

   It has a curse which improves the following skills: Ranged Combat: Ranged
   Weapons and Throwing.
   Melee Combat: Short Blades, Long Blades, Axes, Maces & Flails, Polearms,
   Staves and Unarmed Combat.
 z - the cursed +2 helmet of Ashenzari's Dismay (worn) {Cun, Evo}
   (You found it on level 3 of the Lair of Beasts)

   It has a curse which improves the following skills: Cunning: Dodging and
   Stealth.
   Evocations: Evocations.
 A - the cursed +5 pair of gloves "Shackled Servitude" (worn) {Regen+ Str+3 SInv Stlth-, Fort, Elem}
   (You found it on level 7 of the Dungeon)

   Str:       It affects your strength (+3).
   SInv:      It lets you see invisible.
   Regen:     It increases your rate of health regeneration.
   Stlth:     It makes you less stealthy.
   It has a curse which improves the following skills: Fortitude: Armour and
   Shields.
   Elements:  Fire Magic, Ice Magic, Air Magic and Earth Magic.
 K - a scarf of resistance (worn)
 R - the cursed +2 kite shield of the Mantic Oblivion (worn) {reflect, Range, Evo}
   (You took it off Donald on level 2 of the Orcish Mines)

   It has a curse which improves the following skills: Ranged Combat: Ranged
   Weapons and Throwing.
   Evocations: Evocations.
 T - a +0 chain mail
 U - a +3 plate armour of poison resistance (worn)
Jewellery
 i - a ring of ice
 t - the cursed amulet "Profound Henotheism" (around neck) {Regen+, Self, Cun}
   (You found it on level 2 of the Dungeon)

   [amulet of regeneration]

   Regen:     It increases your rate of health regeneration.
   It has a curse which improves the following skills: Introspection: Fighting
   and Spellcasting.
   Cunning:   Dodging and Stealth.
 J - a +6 ring of dexterity (left hand)
 O - a +4 ring of protection (right hand)
 V - a ring of wizardry
Wands
 g - a wand of roots (19)
 s - a wand of polymorph (3)
 x - a wand of light (15)
 D - a wand of flame (39)
 G - a wand of charming (18)
 P - a wand of mindburst (18)
Scrolls
 a - a scroll of enchant armour
 m - 5 scrolls of immolation
 u - 11 scrolls of teleportation
 v - 2 scrolls of blinking
 w - 7 scrolls of fear
 B - 2 scrolls of fog
 E - 3 scrolls of magic mapping
 N - 4 scrolls of summoning
Potions
 b - 2 potions of resistance
 c - 4 potions of ambrosia
 e - 3 potions of curing
 f - 2 potions of invisibility
 h - a potion of brilliance
 j - a potion of berserk rage
 k - 4 potions of might
 o - 2 potions of flight
 C - a potion of cancellation
 H - 3 potions of heal wounds
 M - a potion of haste


   Skills:
 + Level 11.3(12.8) Fighting
 + Level 14.4(15.8) Axes
 + Level 10.2(12.4) Throwing
 + Level 9.9(11.4) Armour
 + Level 10.4(12.6) Dodging
 + Level 10.9(13.1) Stealth
 + Level 9.1(10.6) Shields


You had 14 spell levels left.
You didn't know any spells.
Your spell library contained the following spells:

 Spells                   Type           Power      Damage    Failure   Level
 Foxfire                  Conj/Fire      0%         2x1d4     100%        1
 Magic Dart               Conj           0%         1d3       100%        1
 Sandblast                Erth           0%         2d4       100%        1
 Blink                    Tloc           0%         N/A       100%        2
 Call Imp                 Summ           0%         N/A       100%        2
 Lesser Beckoning         Tloc           0%         N/A       100%        2
 Momentum Strike          Conj/Tloc      0%         3d8       100%        2
 Scorch                   Fire           0%         2d5       100%        2
 Sublimation of Blood     Necr           0%         N/A       100%        2
 Wereblood                Tmut           0%         N/A       100%        2
 Call Canine Familiar     Summ           0%         N/A       100%        3
 Inner Flame              Hex/Fire       0%         N/A       100%        3
 Mephitic Cloud           Conj/Pois/Air  0%         N/A       100%        3
 Ozocubu's Armour         Ice            0%         N/A       100%        3
 Portal Projectile        Hex/Tloc       0%         N/A       100%        3
 Flame Wave               Conj/Fire      0%         2d4       100%        4
 Leda's Liquefaction      Hex/Erth       0%         N/A       100%        4
 Petrify                  Tmut/Erth      0%         N/A       100%        4
 Sticky Flame             Conj/Fire      0%         2d3       100%        4
 Irradiate                Conj/Tmut      0%         3d11      100%        5
 Lee's Rapid Deconstruct  Erth           0%         3d4*      100%        5
 Summon Forest            Summ/Tloc      0%         N/A       100%        5
 Summon Mana Viper        Hex/Summ       0%         N/A       100%        5
 Statue Form              Tmut/Erth      0%         N/A       100%        6
 Summon Cactus Giant      Summ           0%         N/A       100%        6
 Ozocubu's Refrigeration  Ice            0%         4d7       100%        7
 Summon Hydra             Summ           0%         N/A       100%        7


Dungeon Overview and Level Annotations

Branches:
Dungeon (15/15)            Temple (0/1) D:6            Lair (5/5) D:9
  Swamp (2/4) Lair:2        Snake (0/4) Lair:2        Slime (0/5) Lair:5
    Orc (2/2) D:9             Elf (0/3) Orc:2        Vaults (0/5) D:14
 Depths (0/4) D:15          IceCv (visited)

Altars:
Ashenzari
Cheibriados
Dithmenos
Makhleb
Nemelex Xobeh
Okawaru
Ru
Sif Muna
Trog
Uskayaw
Wu Jian
Xom
Yredelemnul
Jiyva

Shops:
D:5 :[=*[   D:8 [   D:11 [   D:12 [   D:15 *   Orc:2 ?[(*

Annotations:
D:6 3 runed translucent doors, fitz's ghost, novice BaHu
D:8 2 transporters, laqueoix's ghost, novice DECj
Lair:3 1 runed translucent door, LynnLen's ghost, journeyman SpEn
Lair:4 2 transporters, odbg100's ghost, journeyman MiFi
Swamp:1 Roxanne


Innate Abilities, Weirdness & Mutations

You have hoof-like feet.
You are mostly covered in slimy green scales. (AC +3)
You sometimes emit foul miasma when damaged in melee.
You are mostly covered in sharp spines.
Your melee attacks may debilitate your foes.
Your hexes are more powerful.
You are frail. (-10% HP)
You occasionally lose the ability to drink potions when taking damage.


Message History

The bunyip howls a warning cry!
The alligator bites you but does no damage.
You block the alligator's attack. The alligator attacks as you move away!
You block the alligator's attack. x2
The ghost crab breathes spectral mist at you.
The spectral mist engulfs the tyrant leech but does no damage.
The spriggan rider is engulfed in spectral mist.
The tyrant leech is engulfed in spectral mist. x2
The alligator bites you.
The alligator tail-slaps you but does no damage.
The spriggan rider is engulfed in spectral mist.
The alligator attacks as you move away! The alligator bites you!
* * * LOW HITPOINT WARNING * * *
The alligator tail-slaps you but does no damage.
The swamp worm is engulfed in spectral mist.
The tyrant leech is engulfed in spectral mist.
The spriggan druid casts a spell.
The forest starts to sway and rumble!
The tyrant leech is engulfed in spectral mist.
A tree reaches out but misses you.
The bunyip howls a warning cry!
The swamp worm is engulfed in spectral mist.
The alligator attacks as you move away!
The alligator bites you but does no damage.
The alligator tail-slaps you.
* * * LOW HITPOINT WARNING * * *
You enter the shallow water.
Moving in this stuff is going to be slow.
A root smacks you from below!
* * * LOW HITPOINT WARNING * * *
The swamp worm is engulfed in spectral mist.
You block the alligator's attack.
The alligator tail-slaps you but does no damage.
The spriggan rider hits you from afar with a +0 spear!
* * * LOW HITPOINT WARNING * * *
The alligator attacks as you move away! You block the alligator's attack. x2
A root smacks you from below!
* * * LOW HITPOINT WARNING * * *
You are hit by a branch!
You die...

♣)..♣♣ * §... .~~♣♣♣~♣.....~~.
♣♣..♣.♣♣♣......~....~♣♣........
♣~..~.~♣♣..~§....♣~..~♣§..~..♣.
♣♣~~.§~♣..§~..~.♣♣♣~~~.~~~~♣♣~~
♣...~......~.~~~*♣~~~~~~§~~~...
♣~...~..P.~§...~*♣.~~~☼○☼○~~~..
♣.~~.~§P.♣♣♣.~.♣ ♣..~wt☼☼.D...~
♣.~....♣♣≈≈♣♣P.♣♣♣.Z~n~.Z♣♣~...
♣♣..♣..♣≈≈≈≈♣.@~xi.iw~~♣♣♣♣♣♣♣.
♣♣~~~.P♣≈≈≈≈♣...t..w÷~.~♣ ♣♣
♣♣..~...♣.≈≈♣♣.~?~~.§)..♣♣ ♣
♣.~~..~..♣♣.♣~P.~§).♣♣♣♣♣ ♣
♣..~~~[~..P..P.~~.♣.♣♣
♣♣.†...........♣.~~..♣
♣♣~~.~.~~..~~..♣.~..~♣♣
♣...~.~.~~~......~§♣♣♣
♣♣~~...~~~~...~~~.♣♣~♣♣


You could see a bunyip, an alligator (swift), 2 tyrant leeches, a spriggan
rider, a spriggan druid, a spectral fenstrider witch (summoned), a bog body and
a swamp worm.

Vanquished Creatures
  Rupert (D:12)
  Gastronok (D:9)
  Donald (Orc:2)
  A stone giant (D:15)
  2 bunyips
  A ghost crab (Swamp:1)
  Erolcha (D:12)
  5 hydras
  6 two-headed ogres
  An ogre mage (D:15)
  5 centaur warriors
  3 boulder beetles
  2 dancing weapons (D:14)
  2 death yaks (D:12)
  2 alligators
  3 tengu warriors
  Urug (D:12)
  4 orc high priests (Orc:2)
  A skyshark (Lair:4)
  A goliath frog (Swamp:1)
  A deep elf archer (D:13)
  A lindwurm (Lair:5)
  A mana viper (shapeshifter) (D:14)
  An orc sorcerer (Orc:2)
  2 orc knights
  5 manticores
  3 deep elf pyromancers
  A wolf spider (Lair:5)
  10 ugly things
  8 cyclopes (D:12)
  A guardian serpent (Lair:5)
  4 elephants (Lair:5)
  2 ice statues (IceCv)
  Maurice (D:8)
  5 black mambas
  A gargoyle (D:10)
  15 cane toads
  6 rime drakes
  2 freezing wraiths
  An unseen horror (D:12)
  5 yaktaurs (D:15)
  A tengu conjurer (D:15)
  7 komodo dragons
  2 kobold demonologists
  7 trolls
  A meliai (shapeshifter) (D:13)
  2 polar bears
  8 hornets
  12 blink frogs
  16 slime creatures
  10 dream sheep
  7 centaur simulacra
  A vampire (D:12)
  A spriggan (shapeshifter) (D:12)
  4 wraiths
  4 spriggans
  A shadow (D:9)
  11 wyverns
  A water elemental (D:14)
  Eustachio (D:6)
  5 basilisks
  35 yaks
  A redback (Lair:5)
  4 steam dragons
  15 vampire mosquitoes
  2 swamp worms (Swamp:1)
  2 acid dragons
  3 wargs
  A harpy simulacrum (IceCv)
  2 nagas (Lair:2)
  3 black bears
  19 water moccasins
  3 ice beasts (D:12)
  4 sky beasts
  A boggart (D:12)
  21 orc warriors
  7 ogres
  8 wolves
  8 centaurs
  2 phantoms
  15 bullfrogs
  5 kobold brigands
  A gnoll sergeant (D:12)
  A scorpion (D:5)
  5 wights
  6 killer bees (D:9)
  An elephant simulacrum (IceCv)
  4 electric eels (D:12)
  3 howler monkeys
  A lava snake (D:11)
  3 hounds (D:5)
  22 orc priests
  11 jellies
  A sleepcap (D:7)
  A gnoll bouda (D:7)
  5 iguanas
  25 orc wizards
  A wolf simulacrum (IceCv)
  A polar bear simulacrum (IceCv)
  A boggart simulacrum (D:12)
  11 gnolls
  11 adders
  A shadow imp (D:7)
  19 white imps
  4 ufetubi
  2 worms
  3 dart slugs
  69 orcs
  6 ball pythons
  2 bats
  7 endoplasms
  5 giant cockroaches
  7 hobgoblins
  9 jackals
  19 kobolds
  A quokka (D:1)
  2 frilled lizards
  6 goblins
  14 rats
674 creatures vanquished.

Vanquished Creatures (collateral kills)
  3 orc priests (Orc:2)
  An orc (Orc:2)
4 creatures vanquished.

Vanquished Creatures (others)
  A hydra (Swamp:1)
  A hornet (Swamp:1)
  A spriggan (Swamp:1)
  A meliai simulacrum (D:12)
  A white imp (D:12)
5 creatures vanquished.

Grand Total: 683 creatures vanquished

Notes
Turn   | Place    | Note
-------+----------+-------------------------------------------
     0 | D:1      | booth the Demonspawn Monk began the quest for the Orb.
     0 | D:1      | Reached XP level 1. HP: 18/18 MP: 1/1
   156 | D:1      | Gained mutation: You have large cloven feet. [demonic
                  | ancestry]
   156 | D:1      | Reached XP level 2. HP: 20/24 MP: 2/2
   190 | D:1      | Found a faded altar of an unknown god.
   289 | D:1      | Reached skill level 3 in Axes
   426 | D:1      | Gained mutation: You are partially covered in slimy green
                  | scales. (AC +2) [demonic ancestry]
   426 | D:1      | Reached XP level 3. HP: 29/29 MP: 3/3
   974 | D:2      | Reached skill level 1 in Throwing
  1296 | D:2      | Gained mutation: You have hoof-like feet. [demonic
                  | ancestry]
  1296 | D:2      | Reached XP level 4. HP: 35/35 MP: 4/4
  1961 | D:3      | Found a broken altar of Ashenzari.
  1990 | D:3      | Became a worshipper of Ashenzari the Shackled
  2202 | D:4      | Gained mutation: You are partially covered in sharp spines.
                  | [demonic ancestry]
  2202 | D:4      | Reached XP level 5. HP: 38/42 MP: 5/5
  2324 | D:4      | Noticed a phantom
  2335 | D:4      | Killed a phantom
  2336 | D:4      | Reached skill level 4 in Axes
  2346 | D:4      | Found a burning altar of Makhleb.
  2487 | D:4      | Noticed a sky beast
  2494 | D:4      | Killed a sky beast
  2495 | D:4      | Gained mutation: You may rarely emit foul miasma when
                  | damaged in melee. [demonic ancestry]
  2495 | D:4      | Reached XP level 6. HP: 41/49 MP: 6/6
  2576 | D:4      | Reached * piety under Ashenzari
  2768 | D:5      | Entered Level 5 of the Dungeon
  2932 | D:5      | Found Cetidgh's Book Shop.
  2972 | D:5      | Found Voenah's Antique Armour Emporium.
  2979 | D:5      | Bought a dyed leather armour for 100 gold pieces
  2994 | D:5      | Found Fycyzxue's Jewellery Emporium.
  3103 | D:5      | Reached skill level 5 in Axes
  3103 | D:5      | Gained mutation: You sometimes emit foul miasma when
                  | damaged in melee. [demonic ancestry]
  3103 | D:5      | Reached XP level 7. HP: 50/56 MP: 7/7
  3171 | D:5      | Found a bloodstained altar of Trog.
  3189 | D:5      | Found a shimmering blue altar of Sif Muna.
  3189 | D:5      | Identified Sif Muna's Atlas of Orogeny and Calefaction
  3256 | D:5      | Found Nolurrue's Armour Emporium.
  3340 | D:5      | Found a hide-covered altar of Uskayaw.
  3520 | D:5      | Found Kalec's General Store.
  3523 | D:5      | Bought a scroll of enchant armour for 105 gold pieces
  3873 | D:6      | Reached skill level 5 in Fighting
  3968 | D:6      | Reached skill level 6 in Axes
  3968 | D:6      | Reached XP level 8. HP: 64/64 MP: 8/8
  3975 | D:6      | Reached ** piety under Ashenzari
  4204 | D:6      | Reached skill level 1 in Armour
  4204 | D:6      | Reached skill level 5 in Dodging
  4204 | D:6      | Reached skill level 1 in Stealth
  4358 | D:6      | Reached skill level 1 in Shields
  4391 | D:6      | Noticed Eustachio
  4410 | D:6      | Killed Eustachio
  4454 | D:6      | Found a staircase to the Ecumenical Temple.
  4557 | D:6      | Found a runed translucent gate.
  4557 | D:6      | Found a runed translucent gate.
  4558 | D:6      | Found a runed translucent gate.
  4560 | D:6      | Noticed fitz's ghost (novice BaHu)
  4560 | D:6      | Noticed a spectral unseen horror
  4844 | D:7      | Reached XP level 9. HP: 71/71 MP: 9/9
  4853 | D:7      | Reached skill level 7 in Axes
  4982 | D:7      | Identified the +5 pair of gloves of the Swamp {Regen+ Str+3
                  | SInv Stlth-}
  5222 | D:7      | Identified the +0 robe "Jiwemiocou" {Regen+ rCorr SInv}
  6064 | D:8      | Found Vominu's Armour Boutique.
  6064 | D:8      | Noticed Maurice
  6075 | D:8      | Killed Maurice
  6193 | D:8      | Reached skill level 5 in Throwing
  6306 | D:8      | Found a transporter.
  6307 | D:8      | Noticed laqueoix's ghost (novice DECj)
  6351 | D:8      | Found a transporter.
  6477 | D:8      | Reached skill level 8 in Axes
  6477 | D:8      | Gained mutation: You are mostly covered in sharp spines.
                  | [demonic ancestry]
  6477 | D:8      | Reached XP level 10. HP: 80/80 MP: 10/10
  6760 | D:9      | Reached *** piety under Ashenzari
  7011 | D:9      | Found an ornate altar of the Wu Jian Council.
  7062 | D:9      | Noticed Gastronok
  7095 | D:9      | HP: 4/82 [Gastronok (29)]
  7096 | D:9      | Killed Gastronok
  7255 | D:9      | Reached skill level 9 in Axes
  7409 | D:9      | Found a staircase to the Orcish Mines.
  7560 | D:9      | Found a large runed translucent door.
  7561 | D:9      | Found a large runed translucent door.
  7634 | D:9      | Found a staircase to the Lair.
  7683 | D:9      | Gained mutation: Your hexes are more powerful. [demonic
                  | ancestry]
  7683 | D:9      | Reached XP level 11. HP: 87/87 MP: 11/11
  7887 | D:9      | Found a shimmering altar of Xom.
  7899 | D:9      | Paralysed by a hornet for 3 turns
  7912 | D:9      | Found a sparkling altar of Nemelex Xobeh.
  7935 | D:10     | Entered Level 10 of the Dungeon
  7953 | D:10     | Found the crystal ball of Wucad Mu {*channel}
  8087 | D:10     | Reached skill level 5 in Stealth
  8267 | D:10     | Found a snail-covered altar of Cheibriados.
  8267 | D:10     | Found an iron altar of Okawaru.
  8267 | D:10     | Found a shadowy altar of Dithmenos.
  8509 | Lair:1   | Entered Level 1 of the Lair of Beasts
  8683 | Lair:1   | Noticed a seven-headed hydra
  8692 | Lair:1   | Killed a seven-headed hydra
  9111 | Lair:1   | Noticed a boulder beetle
  9156 | Lair:1   | Killed a boulder beetle
  9157 | Lair:1   | Reached skill level 5 in Shields
  9192 | Lair:1   | Reached skill level 5 in Armour
  9649 | Lair:2   | Reached skill level 10 in Axes
  9860 | Lair:2   | Noticed a spriggan rider
  9883 | Lair:2   | Gained mutation: Your melee attacks may debilitate your
                  | foes. [demonic ancestry]
  9883 | Lair:2   | Reached XP level 12. HP: 91/98 MP: 12/12
  9932 | Lair:2   | Found a staircase to the Snake Pit.
 10035 | Lair:2   | Found a staircase to the Swamp.
 10348 | Lair:3   | Noticed a boulder beetle
 10361 | Lair:3   | Killed a boulder beetle
 10783 | Lair:3   | Found a runed translucent door.
 10783 | Lair:3   | Noticed LynnLen's ghost (journeyman SpEn)
 11437 | Lair:4   | Found a transporter.
 11461 | Lair:4   | Reached skill level 11 in Axes
 11497 | Lair:4   | Noticed an eight-headed hydra
 11498 | Lair:4   | Noticed odbg100's ghost (journeyman MiFi)
 11890 | Lair:4   | Found a transporter.
 11894 | Lair:4   | Identified the +1 pair of gloves "Kaqohuis" {Slay+2}
 12324 | Lair:5   | Entered Level 5 of the Lair of Beasts
 12482 | Lair:5   | Reached XP level 13. HP: 104/104 MP: 13/13
 12609 | Lair:5   | Found a viscous altar of Jiyva.
 12637 | Lair:5   | Found a staircase to the Slime Pits.
 13037 | Lair:5   | Identified 3 scrolls of acquirement
 13061 | Lair:4   | Acquired 594 gold pieces
 13063 | Lair:4   | Acquired a manual of Axes
 13065 | Lair:4   | Acquired a +3 heavy broad axe
 13888 | D:9      | Acquired 1114 gold pieces
 13935 | Orc:1    | Entered Level 1 of the Orcish Mines
 14126 | Orc:2    | Entered Level 2 of the Orcish Mines
 14180 | Orc:2    | Reached skill level 12 in Axes
 14866 | Orc:2    | Gained mutation: You occasionally lose the ability to drink
                  | potions when taking damage. [a neqoxec]
 14868 | Orc:2    | Gained mutation: You are frail. (-10% HP) [a neqoxec]
 15183 | Orc:2    | Found Saecua's Antique Armour Shop.
 15183 | Orc:2    | Found Nuovug's Magic Scroll Shop.
 15197 | Orc:2    | Found Byorrir's Weapon Boutique.
 15202 | Orc:2    | Found Huuponoi's Assorted Antiques.
 15252 | Orc:2    | Bought 2 scrolls of enchant armour for 270 gold pieces
 15252 | Orc:2    | Bought a scroll of teleportation for 54 gold pieces
 15252 | Orc:2    | Bought a scroll of summoning for 171 gold pieces
 15256 | Orc:2    | Bought a scroll of blinking for 142 gold pieces
 15356 | Orc:2    | Noticed Donald
 15381 | Orc:2    | Killed Donald
 15712 | Orc:2    | Found a staircase to the Elven Halls.
 16355 | D:5      | Bought a scroll of summoning for 133 gold pieces
 17067 | D:11     | Reached **** piety under Ashenzari
 17103 | D:11     | Found Gaoliepu's Antique Armour Boutique.
 17708 | D:12     | Noticed Rupert
 17731 | D:11     | Reached XP level 14. HP: 106/106 MP: 14/14
 17757 | D:12     | Killed Rupert
 17758 | D:12     | Reached skill level 10 in Fighting
 17814 | D:12     | Found Rilyrenuu's Armour Boutique.
 18058 | D:12     | Noticed Erolcha
 18151 | D:12     | Found a frozen archway.
 18173 | IceCv    | Entered an ice cave
 18204 | IceCv    | Found a transporter.
 18215 | IceCv    | Found a transporter.
 18386 | D:12     | Identified the +4 shortbow of Ojulin {heavy, rF+ rN+ Int+3}
 18403 | D:12     | Noticed Urug
 18423 | D:12     | Killed Urug
 18532 | D:12     | Identified the +2 rapier of Fedhas's Hope {freeze, +Blink
                  | rC+}
 18608 | D:12     | Reached skill level 13 in Axes
 19279 | D:12     | Killed Erolcha
 19595 | D:12     | Found a sacrificial altar of Ru.
 20756 | D:14     | Found a gate to the Vaults.
 21201 | D:14     | Found a basalt altar of Yredelemnul.
 21361 | D:14     | Gained mutation: You are mostly covered in slimy green
                  | scales. (AC +3) [demonic ancestry]
 21361 | D:14     | Reached XP level 15. HP: 111/114 MP: 15/15
 21653 | D:14     | Reached skill level 10 in Dodging
 21653 | D:14     | Reached skill level 10 in Stealth
 21725 | D:14     | Acquired a manual of Throwing
 22116 | D:15     | Entered Level 15 of the Dungeon
 22176 | D:15     | Found Ukecw's Assorted Antiques.
 22302 | D:15     | Reached skill level 14 in Axes
 22684 | D:15     | Found a staircase to the Depths.
 22944 | D:12     | Bought a +3 plate armour of poison resistance for 462 gold
                  | pieces
 23132 | Swamp:1  | Entered Level 1 of the Swamp
 23165 | Swamp:1  | Reached skill level 10 in Throwing
 23322 | Swamp:1  | Identified Roxanne's Handbook of the Rocks
 23322 | Swamp:1  | Noticed Roxanne
 23415 | Swamp:2  | HP: 5/109 [alligator (8)]
 23442 | Swamp:1  | Killed from afar by a spriggan druid

Illustrated notes

Levels and vault maps discovered:
D:1:      psy_arrival_dodecagon, layout_rooms,
          hellmonk_ecumenical_altar_arch_garden, minmay_curled_crystal,
          item_on_display_b
D:2:      layout_basic, chequers_serial_rivers_marsh, minmay_rat_gold_closets
D:3:      layout_basic, evilmike_ruin_ashenzari
D:4:      layout_rooms, amcnicky_altar_gilded
D:5:      dreamdust_elfheim, layout_gridville,
          nzn_overflow_gifts_of_might_and_magic, nicolae_uskayaw_suspiria,
          serial_shops, shop, shop, kennysheep_mini, shop, shop
D:6:      layout_loops_cross, lemuel_round_altar, minmay_temple_entry_overgrown,
          gammafunk_ghost_necromancy, uniq_eustachio
D:7:      layout_basic
D:8:      layout_basic, gammafunk_ghost_stat_death, serial_shops, shop,
          minmay_circle_x, uniq_maurice
D:9:      layout_irregular_city, nicolae_wu_jian_immortal_techniques,
          jmf_multi_god_temple2, lair_entry_dummy, erik_orc_3, fountainhead,
          uniq_gastronok
D:10:     layout_rooms, gammafunk_temple_overflow_claw
D:11:     layout_loops_corners, serial_shops, nicolae_shop_tiny_statue_garden,
          kennysheep_small_spiral
D:12:     minmay_complete_graph, layout_basic, serial_shops,
          nicolae_shop_crystal, serial_ice, serial_ice_f, serial_ice_i,
          serial_ice_e, serial_ice_m, serial_ice_o, serial_ice_g,
          portal_ice_cave_entry_imps, nicolae_ru_path_of_blood, uniq_urug,
          uniq_erolcha, uniq_rupert
D:13:     layout_loops_corners, serial_glass, glass_columns_a, glass_columns_a
D:14:     layout_grid_maze, erik_vaults_1, yredelemnul_altar_generic,
          serial_ice, serial_ice_n, serial_ice_g, serial_ice_d, serial_ice_l,
          minmay_holes
D:15:     grunt_enter_depths_giant_problem, layout_rooms, serial_shops, shop,
          hex_medium
Lair:1:   layout_roguey
Lair:2:   layout_gridlike, swamp_mist_pool, guppyfry_snake_entry_garden,
          grunt_forest_large_clearings
Lair:3:   layout_chaotic_city, gammafunk_ghost_grave, lemuel_fruit_tree
Lair:4:   layout_regular_city, gammafunk_ghost_berserking_beasts, minivault_25
Lair:5:   hangedman_lair_tendril_chambers, layout_gridlike,
          nicolae_slime_entry_field_trip
Swamp:1:  layout_basic_swamp, nicolae_swamp_well_well_well, swamp_pool3,
          hangedman_swamp_diagram, st_shrine_of_shade, uniq_frances,
          uniq_roxanne
Swamp:2:  nzn_winding_woodlands_medium [nzn_winding_woodlands_5x5_default,
          nzn_winding_woodlands_5x15_parted, nzn_winding_woodlands_5x5_default,
          nzn_winding_woodlands_5x5_closed_star,
          nzn_winding_woodlands_center_lodge,
          nzn_winding_woodlands_5x5_open_star,
          nzn_winding_woodlands_5x5_default, nzn_winding_woodlands_5x15_eye,
          nzn_winding_woodlands_5x5_default], layout_basic_swamp,
          nicolae_swamp_decorative_isthmus
Orc:1:    layout_caves
Orc:2:    st_orc_mages, layout_caves, minmay_orc_temple_b, uniq_donald

Skill      XL: |  1  2  3  4  5  6  7  8  9 10 11 12 13 14 15 |
---------------+----------------------------------------------+-----
Axes           | 3 4 5 6 8 9 10 11 12 13 14 | 14.4
Dodging        | 3 4 5 6 7 8 9 10 | 10.4
Throwing       | 1 2 3 4 5 6 7 8 9 10 | 10.2
Fighting       | 4 5 6 7 8 9 10 11 | 11.3
Armour         | 1 3 4 5 6 7 8 9 |  9.9
Stealth        | 1 3 4 6 7 8 9 10 | 10.9
Shields        | 1 3 4 5 6 7 8 9 |  9.1

Action                     |  1- 3 |  4- 6 |  7- 9 | 10-12 | 13-15 || total
---------------------------+-------+-------+-------+-------+-------++-------
  Melee: Hand axe          |    83 |    96 |   237 |   545 |   642 ||  1603
         Kick              |    24 |    24 |    76 |   222 |       ||   346
         Punch             |       |       |     6 |    14 |    10 ||    30
         Mace              |       |       |       |    26 |   232 ||   258
         War axe           |       |       |       |       |   479 ||   479
  Throw: Dart              |       |       |    22 |     3 |    54 ||    79
         Boomerang         |       |       |       |     8 |    23 ||    31
         Throwing net      |       |       |       |     1 |       ||     1
         Javelin           |       |       |       |       |     3 ||     3
 Invoke: Curse Item        |       |     2 |     3 |     3 |     3 ||    11
         Shatter the Chain |       |       |     1 |     3 |     2 ||     6
  Evoke: Wand              |       |       |       |     1 |       ||     1
    Use: Scroll            |     5 |     4 |     3 |     4 |    14 ||    30
         Potion            |       |     2 |       |     1 |       ||     3
   Stab: Sleeping          |       |       |     2 |       |     5 ||     7
         Held in net/web   |       |       |       |     1 |       ||     1
         Distracted        |       |       |       |       |     2 ||     2
 Armour: Robe              |     5 |       |       |       |       ||     5
         Leather armour    |     8 |    25 |    87 |    63 |       ||   183
         Scale mail        |       |       |       |   177 |   487 ||   664
         Plate armour      |       |       |       |       |   138 ||   138
  Dodge: Dodged            |    38 |    49 |   148 |   307 |   755 ||  1297
  Block: Kite shield       |       |       |       |       |   712 ||   712
         Reflection        |       |       |       |       |    28 ||    28
